 Dungeon Crawl Stone Soup version 0.20.0-15-g7f486f2 (webtiles) character file.

123 CODWOMAN the Charmwright (level 4, -1/33 HPs)
             Began as a Demonspawn Skald on June 9, 2017.
             Slain by Paps's ghost (11 damage)
             ... on level 3 of the Dungeon.
             The game lasted 00:12:40 (2045 turns).

CODWOMAN the Charmwright (Demonspawn Skald)         Turns: 2045, Time: 00:12:41

Health: -1/33      AC:  9    Str: 11    XL:     4   Next: 80%
Magic:  3/7        EV: 11    Int: 14    God:
Gold:   102        SH:  0    Dex: 14    Spells: 6/7 levels left

rFire    . . .     SeeInvis .   a - +0 falchion
rCold    . . .     Gourm    .   (no shield)
rNeg     . . .     Faith    .   E - +0 ring mail
rPois    .         Spirit   .   t - +0 helmet
rElec    .         Reflect  .   (no cloak)
rCorr    .         Harm     .   (no gloves)
MR       .....                  (no boots)
Stlth    +.........             (no amulet)
Regen    0.2/turn               (no ring)
MPRegen  0.1/turn               (no ring)

@: infused
A: thin metallic scales 2, powered by pain 1
a: no special abilities


You were on level 3 of the Dungeon.
You were not hungry.

You visited 1 branch of the dungeon, and saw 3 of its levels.

You collected 102 gold pieces.

Inventory:

Hand Weapons
 a - a +0 falchion (weapon)
 l - a +0 hunting sling
 s - a cursed +0 rapier
Missiles
 e - 65 stones (quivered)
 v - 8 needles of sleeping
 B - 16 sling bullets
Armour
 b - a +0 leather armour
 i - a +0 pair of gloves
 t - a +0 helmet (worn)
 y - a +0 robe
 E - a +0 ring mail (worn)
Jewellery
 h - an uncursed ring of protection from fire {unknown}
 m - an uncursed ring of flight {unknown}
Scrolls
 f - a scroll of random uselessness {unknown}
 g - a scroll of magic mapping {unknown}
 k - a scroll of noise {unknown}
 n - 3 scrolls of identify {unknown}
 o - 2 scrolls of teleportation {unknown}
 q - a scroll of recharging {unknown}
 u - a scroll of fog {unknown}
 w - a scroll of remove curse {unknown}
Potions
 j - a potion of degeneration {unknown}
 p - a potion of brilliance {unknown}
 r - a potion of might {unknown}
 A - a potion of curing {unknown}
 D - 2 potions of lignification {unknown}
Books
 c - a book of Battle

   Spells                             Type                      Level
   a - Infusion                       Charms                       1
   b - Shroud of Golubria             Charms/Translocation         2
   c - Song of Slaying                Charms                       2
   d - Spectral Weapon                Hexes/Charms                 3
   e - Regeneration                   Charms/Necromancy            3
Comestibles
 d - a bread ration
 x - 7 chunks of flesh
 z - a meat ration
 C - a royal jelly


   Skills:
 + Level 2.2 Fighting
 + Level 3.1 Long Blades
 + Level 1.6 Armour
 + Level 2.4 Dodging
 + Level 0.2 Stealth
 + Level 2.2 Spellcasting
 + Level 3.2 Charms


You had 6 spell levels left.
You knew the following spells:

 Your Spells              Type           Power        Failure   Level  Hunger
a - Infusion              Chrm           ##..         14%         1    #......


Dungeon Overview and Level Annotations

Branches:
Dungeon (3/15)

Altars:
Cheibriados
Uskayaw
Vehumet
Yredelemnul

Annotations:
D:3 Paps's ghost, amateur TrFi


Innate Abilities, Weirdness & Mutations

You are mostly covered in thin metallic scales. (AC +3)
You sometimes gain a little power by taking damage.


Message History

You closely miss the frilled lizard. The frilled lizard barely misses you.
You miss the frilled lizard.
The frilled lizard bites you but does no damage.
You hit the frilled lizard.
You kill the frilled lizard!
The orc barely misses you.
You riposte.
You hit the orc.
The orc is lightly wounded.
Paps's ghost hits you but does no damage.
Casting: Infusion
Confirm with . or Enter, or press ? or * to list all spells.
You begin infusing your attacks with magical energy.
The orc closely misses you.
You riposte.
You closely miss the orc.
The orc is lightly wounded.
Paps's ghost hits you.
An orc comes into view. It is wielding a club.
The orc shouts!
You hit the orc.
The orc is heavily wounded.
The orc hits you but does no damage. Paps's ghost hits you!
You die...

#.## #........... # .
#........... #
.##.......... # # #
..........# . #.#
#.###........####### ...
..#
...................#.o..
###
#....................
####.....oW............#
#........@.....o........
..........o....o......%#
######'...######.......#
.# ......#...# #.......#
.#.. .+####+.#..##
#.......# .... .# #.#..#
#.......# .. .# #.#)รท#
#.......# .. .# #.#.)#
#. .# #.#..#


You could see an orc priest, Paps's ghost and 3 orcs.

Vanquished Creatures
  An orc wizard (D:3)
  3 adders
  3 worms (D:2)
  2 dart slugs (D:1)
  A leopard gecko (D:3)
  5 orcs (D:3)
  4 giant cockroaches
  7 goblins
  6 hobgoblins
  8 bats
  7 frilled lizards
  3 kobolds
  5 rats
55 creatures vanquished.

Vanquished Creatures (others)
  A hobgoblin (D:1)
1 creature vanquished.

Grand Total: 56 creatures vanquished

Notes
Turn   | Place    | Note
-------+----------+-------------------------------------------
     0 | D:1      | CODWOMAN the Demonspawn Skald began the quest for the Orb.
     0 | D:1      | Reached XP level 1. HP: 16/16 MP: 3/3
    85 | D:1      | Gained mutation: You are partially covered in thin metallic scales. (AC +2) [demonic ancestry]
    85 | D:1      | Reached XP level 2. HP: 12/22 MP: 5/5
   810 | D:1      | You fall through a shaft!
   810 | D:2      | Found a hide-covered altar of Uskayaw.
   887 | D:2      | Reached skill level 1 in Armour
   896 | D:2      | Gained mutation: You sometimes gain a little power by taking damage. [demonic ancestry]
   896 | D:2      | Reached XP level 3. HP: 18/27 MP: 0/6
   911 | D:2      | Found a snail-covered altar of Cheibriados.
  1427 | D:2      | Found a radiant altar of Vehumet.
  1428 | D:2      | Found a basalt altar of Yredelemnul.
  1671 | D:3      | Gained mutation: You are mostly covered in thin metallic scales. (AC +3) [demonic ancestry]
  1671 | D:3      | Reached XP level 4. HP: 12/33 MP: 7/7
  2031 | D:3      | Noticed Paps's ghost (amateur TrFi)
  2045 | D:3      | Slain by Paps's ghost

Skill      XL: |  1  2  3  4 |
---------------+-------------+-----
Long Blades    | 2 3 |  3.1
Charms         | 3 |  3.2
Dodging        | 2 |  2.4
Armour         | 1 |  1.6
Fighting       | |  2.2
Stealth        | |  0.2
Spellcasting   | |  2.2

Action                   |  1- 3 |  4- 6 || total
-------------------------+-------+-------++-------
Melee: Falchion          |   119 |    50 ||   169
 Cast: Infusion          |     4 |     3 ||     7
  Eat: Chunk             |     3 |     1 ||     4
Armor: Leather armour    |    44 |    23 ||    67
       Ring mail         |       |     2 ||     2
Dodge: Dodged            |    86 |    56 ||   142
       Rpst.: Falchion   |    27 |    24 ||    51
